 Dungeon Crawl Stone Soup version 0.31-a0-355-g57cb03d3e8 (webtiles) character file.

Game seed: 12252217167401167342

99 cforsyth the Charlatan (level 4, -4/8 HPs)
             Began as a Gnoll Artificer on July 25, 2023.
             Killed by divine providence
             ... invoked by an orc priest
              (12 damage)
             ... on level 3 of the Dungeon.
             The game lasted 00:02:42 (2198 turns).

cforsyth the Charlatan (Gnoll Artificer)            Turns: 2198, Time: 00:02:42

Health: -4/8       AC:  9    Str: 16    XL:     4   Next: 72%
Magic:  5/5        EV: 11    Int: 12    God:
Gold:   99         SH:  0    Dex: 19    Spells: 5/5 levels left

rFire   . . .        t - melded +1 dagger (venom)
rCold   . . .        (shield currently unavailable)
rNeg    . . .        u - melded +2 robe {rN+}
rPois   .            (helmet currently unavailable)
rElec   .            x - melded +0 cloak
rCorr   .            (gloves currently unavailable)
SInv    .            (boots currently unavailable)
Will    .....        (no amulet)
Stlth   ++           o - +6 ring of dexterity
HPRegen 0.21/turn    (no ring)
MPRegen 0.09/turn

%: no passive effects
@: snake-form
A: constrict, reduced hp, large, (fangs 1), strong nose, distributed training
a: Begin Untransformation


You were on level 3 of the Dungeon.
You were an enormous anaconda.
You visited 1 branch of the dungeon, and saw 3 of its levels.

You collected 154 gold pieces.
You spent 55 gold pieces at shops.

Inventory:

Hand Weapons
 a - a +0 club
 t - a +1 dagger of venom (melded)
Armour
 b - a +0 leather armour
 f - a +2 leather armour of positive energy
 u - a +2 robe of positive energy (melded)
 x - a +0 cloak (melded)
Jewellery
 o - a +6 ring of dexterity (left hand)
Talismans
 y - a serpent talisman
Wands
 c - a wand of flame (8) (quivered)
 d - a wand of charming (15)
 e - a wand of iceblast (5)
Scrolls
 j - a scroll of fog {unknown}
 k - a scroll of amnesia {unknown}
 m - a scroll of brand weapon {unknown}
 n - 2 scrolls of identify {unknown}
 p - a scroll of enchant weapon {unknown}
 s - 2 scrolls of vulnerability {unknown}
 v - a scroll of silence {unknown}
 w - a scroll of fear {unknown}
Potions
 g - 2 potions of curing
 h - a potion of mutation {unknown}
 i - a potion of invisibility {unknown}
 l - a potion of heal wounds {unknown}
 q - a potion of magic {unknown}
 r - 3 potions of enlightenment {unknown}


   Skills:
 + Level 2.8 Fighting
 + Level 1.2 Short Blades
 + Level 1.2 Long Blades
 + Level 1.2 Axes
 + Level 1.2 Maces & Flails
 + Level 1.2 Polearms
 + Level 1.2 Staves
 + Level 1.2 Ranged Weapons
 + Level 1.2 Throwing
 + Level 4.7 Armour
 + Level 2.8 Dodging
 + Level 2.6 Stealth
 + Level 1.2 Shields
 + Level 1.2 Unarmed Combat
 + Level 1.2 Spellcasting
 + Level 1.0 Conjurations
 + Level 1.0 Hexes
 + Level 1.0 Summonings
 + Level 1.0 Necromancy
 + Level 1.0 Translocations
 + Level 1.0 Transmutations
 + Level 1.0 Fire Magic
 + Level 1.0 Ice Magic
 + Level 1.0 Air Magic
 + Level 1.0 Earth Magic
 + Level 1.0 Poison Magic
 + Level 1.4 Invocations
 + Level 6.6 Evocations
 + Level 1.0 Shapeshifting


You had 5 spell levels left.
You didn't know any spells.
Your spell library was empty.

Dungeon Overview and Level Annotations

Branches:
Dungeon (3/15)

Altars:

Shops:
D:2 *


Innate Abilities, Weirdness & Mutations

You are an enormous anaconda.
You have a powerful constriction melee attack.
Your maximum health is decreased, since you lack skill for your form.
Your armour is entirely melded.
You are incapable of wielding weapons or throwing items.
((You have very sharp teeth.))
Your uncanny sense of smell can sniff out nearby items.
Your experience applies equally to all skills.


Message History

The worm is moderately wounded.
You hit the worm.
The worm looks as sick as possible!
The worm is heavily wounded.
The worm bites you!
You hit the worm.
The worm looks as sick as possible!
The worm is almost dead.
You hit the worm.
You kill the worm!
No target in view!
No target in view!
No target in view!
No target in view!
No target in view!
No target in view!
You see here a worm corpse.
Found a robe.
You see here a serpent talisman.
y - a serpent talisman You begin transforming.
You continue transforming. x3
You turn into an enormous anaconda.
Your +1 dagger of venom melds into your body.
Your +0 cloak melds into your body.
Your +2 robe of positive energy melds into your body.
Your +1 dagger of venom stops dripping with poison.
You feel less protected from negative energy.
HP restored.
r - 3 golden potions (gained 1)
An orc comes into view. It is wielding a +0 hand axe.
An orc is nearby!
An orc priest comes into view. It is wielding a +0 flail.
The orc priest shouts!
You hear a shout!
An orc comes into view. It is wielding a +0 dagger.
An iguana comes into view.
The orc priest moves out of view.
The iguana hisses angrily.
An orc comes into view. It is wielding a +0 mace.
The orc priest calls down the wrath of Beogh upon you.
Beogh smites you!
Ouch! That really hurt!
You die...

####### #.....#
#.....# ########.....#
# #........#..## ##
#..[.....#S.##
.######........#...##
.##............#.#..##
.###.#.........#.##..#
.# #.##........#.###.#
.# #..#........#.#


.oo <# ##.#........... .#.l. .# #.#........#.# ....... .## #..........#. ## ..o.
You could see an iguana, an orc priest and an orc.

Vanquished Creatures
  Jessica (D:2)
  3 adders (D:2)
  A worm (D:3)
  An orc (D:3)
  2 ball pythons
  2 bats
  4 endoplasms
  A giant cockroach (D:1)
  4 goblins
  8 hobgoblins
  2 jackals (D:2)
  3 kobolds (D:2)
  A quokka (D:1)
  A frilled lizard (D:1)
  6 rats
40 creatures vanquished.

Notes
Turn   | Place    | Note
-------+----------+-------------------------------------------
     0 | D:1      | cforsyth the Gnoll Artificer began the quest for the Orb.
     0 | D:1      | Reached XP level 1. HP: 17/17 MP: 1/1
   416 | D:1      | Reached XP level 2. HP: 18/23 MP: 2/2
   746 | D:1      | Found a faded altar of an unknown god.
  1237 | D:2      | Reached XP level 3. HP: 27/28 MP: 3/3
  1338 | D:2      | Found Wustaa Vece's Assorted Antiques.
  1341 | D:2      | Bought a scroll labelled JITAEG HEOTU for 29 gold pieces
  1341 | D:2      | Bought a green potion for 26 gold pieces
  1488 | D:2      | Noticed Jessica
  1505 | D:2      | Reached skill level 1 in Invocations
  1508 | D:2      | Killed Jessica
  1509 | D:2      | Reached skill level 1 in Short Blades
  1509 | D:2      | Reached skill level 1 in Long Blades
  1509 | D:2      | Reached skill level 1 in Axes
  1509 | D:2      | Reached skill level 1 in Maces & Flails
  1509 | D:2      | Reached skill level 1 in Polearms
  1509 | D:2      | Reached skill level 1 in Staves
  1509 | D:2      | Reached skill level 1 in Ranged Weapons
  1509 | D:2      | Reached skill level 1 in Throwing
  1509 | D:2      | Reached skill level 1 in Shields
  1509 | D:2      | Reached skill level 1 in Unarmed Combat
  1509 | D:2      | Reached skill level 1 in Spellcasting
  1509 | D:2      | Reached XP level 4. HP: 13/34 MP: 5/5
  1847 | D:2      | Reached skill level 1 in Conjurations
  1847 | D:2      | Reached skill level 1 in Hexes
  1847 | D:2      | Reached skill level 1 in Summonings
  1847 | D:2      | Reached skill level 1 in Necromancy
  1847 | D:2      | Reached skill level 1 in Translocations
  1847 | D:2      | Reached skill level 1 in Transmutations
  1847 | D:2      | Reached skill level 1 in Fire Magic
  1847 | D:2      | Reached skill level 1 in Ice Magic
  1847 | D:2      | Reached skill level 1 in Air Magic
  1847 | D:2      | Reached skill level 1 in Earth Magic
  1847 | D:2      | Reached skill level 1 in Poison Magic
  1847 | D:2      | Reached skill level 1 in Shapeshifting
  2198 | D:3      | Killed from afar by an orc priest

Illustrated notes

Levels and vault maps discovered:
D:1:      mrwooster_arrival_arrow, layout_basic,
          shapermc_ecumenical_altar_hornbeckon, minmay_pentomino_p4
D:2:      layout_loops_corners, serial_shops, nicolae_shop_tiny_real_fake_doors,
          uniq_jessica
D:3:      layout_rooms, grunt_dithmenos_smoke_and_mirrors,
          worldfamousw_hep_ancestral_shrine

Skill      XL: |  1  2  3  4 |
---------------+-------------+-----
Invocations    | 1 |  1.4
Short Blades   | 1 |  1.2
Long Blades    | 1 |  1.2
Axes           | 1 |  1.2
Maces & Flails | 1 |  1.2
Polearms       | 1 |  1.2
Staves         | 1 |  1.2
Ranged Weapons | 1 |  1.2
Throwing       | 1 |  1.2
Shields        | 1 |  1.2
Unarmed Combat | 1 |  1.2
Spellcasting   | 1 |  1.2
Conjurations   | 1 |  1.0
Hexes          | 1 |  1.0
Summonings     | 1 |  1.0
Necromancy     | 1 |  1.0
Translocations | 1 |  1.0
Transmutations | 1 |  1.0
Fire Magic     | 1 |  1.0
Ice Magic      | 1 |  1.0
Air Magic      | 1 |  1.0
Earth Magic    | 1 |  1.0
Poison Magic   | 1 |  1.0
Shapeshifting  | 1 |  1.0
Fighting       | |  2.8
Armour         | |  4.7
Dodging        | |  2.8
Stealth        | |  2.6
Evocations     | |  6.6

Action                     |  1- 3 |  4- 6 || total
---------------------------+-------+-------++-------
  Melee: Club              |   112 |       ||   112
         Punch             |     1 |     1 ||     2
         Bite              |     7 |     3 ||    10
         Dagger            |       |    44 ||    44
  Evoke: Wand              |     7 |       ||     7
    Use: Potion            |     1 |       ||     1
   Stab: Sleeping          |     8 |       ||     8
 Armour: Leather armour    |    54 |       ||    54
         Robe              |       |     7 ||     7
  Dodge: Dodged            |    97 |    21 ||   118
   Form: Anaconda          |       |     1 ||     1

Table legend: (Time is in decaauts)
 A = Elapsed time spent in this place.
 B = Non-inter-level travel time spent in this place.
 C = Inter-level travel time spent in this place.
 D = Time resting spent in this place.
 E = Time spent auto-exploring this place.
 F = Levels seen in this place.
 G = Mean time per level.
                   A        B        C        D        E       F      G
               +--------+--------+--------+--------+--------+-----+--------+
         Total |   2231 |   2131 |    100 |      0 |   1733 |   3 |  743.7 |
       Dungeon |   2231 |   2131 |    100 |      0 |   1733 |   3 |  743.7 |
               +--------+--------+--------+--------+--------+-----+--------+

Top non-repeatable levels by time:
     D:1: 1099 daAuts
     D:2: 1006 daAuts
     D:3: 126 daAuts
